 Dungeon Crawl Stone Soup version 0.21.1-1-g345015fe64 (webtiles) character file.

101 Brecoman the Chopper (level 5, 0/41 HPs)
             Began as a Formicid Abyssal Knight on June 20, 2018.
             Was a Believer of Lugonu.
             Killed from afar by an orc wizard (8 damage)
             ... with a magic dart
             ... on level 3 of the Dungeon.
             The game lasted 00:15:23 (3170 turns).

Brecoman the Chopper (Formicid Abyssal Knight)      Turns: 3170, Time: 00:15:23

Health: 0/41       AC: 10    Str: 17    XL:     5   Next: 4%
Magic:  7/7        EV:  7    Int: 12    God:    Lugonu [**....]
Gold:   73         SH:  0    Dex: 10    Spells: 4/4 levels left

rFire    . . .     SeeInvis +   a - +1 hand axe
rCold    . . .     Gourm    .   (no shield)
rNeg     . . .     Faith    .   l - +1 chain mail
rPois    .         Spirit   .   (helmet unavailable)
rElec    .         Reflect  .   m - +0 cloak
rCorr    .         Harm     .   (no gloves)
MR       .....                  (no boots)
Stlth    ..........             (no amulet)
HPRegen  0.13/turn              (no ring)
MPRegen  0.10/turn              (no ring)

@: no status effects
A: permanent stasis, dig shafts and tunnels, four strong arms, antennae 3
a: Dig, Shaft Self, Depart the Abyss, Bend Space, Renounce Religion


You were on level 3 of the Dungeon.
You worshipped Lugonu.
Lugonu was pleased with you.
You were not hungry.

You visited 1 branch of the dungeon, and saw 3 of its levels.
You visited the Abyss 1 time.

You collected 73 gold pieces.

Inventory:

Hand Weapons
 a - a +1 hand axe (weapon)
 r - a +0 glaive
Missiles
 d - 112 stones (quivered)
Armour
 b - a +0 leather armour
 l - a +1 chain mail (worn)
 m - a +0 cloak (worn)
 n - a cursed -2 robe
Scrolls
 f - a scroll of teleportation
 q - 2 scrolls of remove curse
Potions
 e - a potion of haste {unknown}
 h - a potion of heal wounds {unknown}
 i - a potion of agility {unknown}
 j - a potion of flight
 k - a potion of might {unknown}
 o - 2 potions of cancellation
 p - a potion of mutation {unknown}
Comestibles
 c - 3 rations


   Skills:
 - Level 3.4 Fighting
 * Level 3.9 Axes
 - Level 2.3 Armour
 - Level 0.8 Dodging
 + Level 3.5 Invocations


You had 4 spell levels left.
You didn't know any spells.

Dungeon Overview and Level Annotations

Branches:
Dungeon (3/15)

Altars:
Elyvilon


Innate Abilities, Weirdness & Mutations

You cannot be hasted, slowed, berserked, paralysed or teleported.
You can dig through walls and to a lower floor.
Your four strong arms can wield two-handed weapons with a shield.
You have a pair of large antennae on your head. (SInv)


Message History

The orc wizard is almost dead.
The orc wizard closely misses you.
You barely miss the orc wizard.
The orc wizard is almost dead.
The orc wizard barely misses you.
You hit the orc wizard.
The orc wizard is almost dead.
The orc wizard closely misses you.
You closely miss the orc wizard.
The orc wizard is almost dead.
The orc wizard gestures wildly while chanting.
The orc wizard blinks!
The orc wizard points at you and mumbles some strange words.
The magic dart hits you!
* * * LOW HITPOINT WARNING * * *
Okay, then.
Okay, then.
The orc wizard casts a spell at you. The magic dart hits you!
You die...

#.# #.# #.# #.#
#.# #.# #.#
#.##########
#))....@...#
########.......
.o..... .#.#..♣
.### ♣♣ )# .#
.#


You could see an orc wizard.

Vanquished Creatures
  4 adders (D:2)
  A worm (D:2)
  A dart slug (D:1)
  A leopard gecko (D:2)
  4 orcs (D:3)
  2 giant cockroaches (D:1)
  9 hobgoblins
  3 jackals (D:2)
  3 kobolds
  2 quokkas (D:2)
  6 bats
  3 frilled lizards
  9 goblins
  5 rats
53 creatures vanquished.

Notes
Turn   | Place    | Note
-------+----------+-------------------------------------------
     0 | Abyss:1  | Brecoman the Formicid Abyssal Knight began the quest for the Orb.
     0 | Abyss:1  | Reached XP level 1. HP: 18/18 MP: 2/2
    20 | D:1      | Escaped the Abyss
   381 | D:1      | Reached XP level 2. HP: 20/24 MP: 3/3
   972 | D:1      | Reached XP level 3. HP: 27/29 MP: 5/5
  1896 | D:2      | Reached XP level 4. HP: 31/35 MP: 6/6
  1992 | D:2      | Reached ** piety under Lugonu
  2879 | D:3      | Found a white marble altar of Elyvilon.
  2968 | D:3      | Paralysed by fainting for 6 turns
  3128 | D:3      | Reached XP level 5. HP: 30/41 MP: 7/7
  3170 | D:3      | Killed from afar by an orc wizard

Skill      XL: |  1  2  3 |
---------------+----------+-----
Axes           | 3 |  3.9
Invocations    | 3 |  3.5
Fighting       | |  3.4
Armour         | |  2.3
Dodging        | |  0.8

Action                   |  1- 3 |  4- 6 || total
-------------------------+-------+-------++-------
Melee: Hand axe          |    90 |   135 ||   225
Invok: Bend Space        |       |     2 ||     2
  Use: Scroll            |       |     8 ||     8
  Eat: Chunk             |     2 |     5 ||     7
Armor: Leather armour    |    15 |       ||    15
       Chain mail        |    50 |    92 ||   142
Dodge: Dodged            |    39 |    54 ||    93
